 Dungeon Crawl Stone Soup version 0.32-a0-675-gdc239d62e1 (webtiles) character file.

Game seed: 15321659867563380034

8818 Alarak the Nimble (level 11, -1/65 HPs)
             Began as a Djinni Summoner on Mar 11, 2024.
             Was a Believer of Makhleb.
             Slain by a spectral orc warrior
             ... wielding a +0 trident
             ... summoned by Nergalle
              (15 damage)
             ... on level 11 of the Dungeon.
             The game lasted 00:49:46 (9229 turns).

Alarak the Nimble (Djinni Summoner)                 Turns: 9229, Time: 00:49:48

Health: -1/65      AC:  4    Str:  7    XL:     11   Next: 62%
Gold:   613        EV: 17    Int: 21    God:    Makhleb [**....] SH:  0 Dex: 14

rFire   + + +        v - +2 dagger (vamp)
rCold   x . .        (no shield)
rNeg    + . .        u - +1 leather armour "Folud" {rC+ Will+ Regen+}
rPois   ∞            (no helmet)
rElec   .            (no cloak)
rCorr   .            (no gloves)
SInv    .            (boots unavailable)
Will    ++...        s - amulet of faith
Stlth   ++           n - ring of positive energy
HPRegen 1.10/turn    H - ring of fire
MPRegen 0.00/turn

%: faith, infuse magic (-2 HP)
@: flying, inugami summoned
A: sickness immunity, fire resistance 2, cold vulnerability 1, float, innate
caster, HP casting, extra vitality 1
a: Renounce Religion, Minor Destruction


You were on level 11 of the Dungeon.
You worshipped Makhleb.
Makhleb was pleased with you.
You visited 2 branches of the dungeon, and saw 12 of its levels.
You also visited: Sewer.

You collected 613 gold pieces.

Inventory:

Hand Weapons
 f - a +2 whip of draining
 v - a +2 vampiric dagger (weapon)
 D - a +3 spectral dagger
 M - a +0 demon whip of venom
Missiles
 j - 36 poisoned darts
 m - a throwing net
Armour
 a - a +1 robe
 u - the +1 leather armour "Folud" (worn) {rC+ Will+ Regen+}
   (You found it on level 3 of the Dungeon)

   rC+:       It protects you from cold.
   Will+:     It increases your willpower.
   Regen+:    It increases your rate of health regeneration.
 G - the +2 robe "Wufues" {+Blink rF+ rC+ Str-2}
   (You found it on level 6 of the Dungeon)

   Str-2:     It affects your strength (-2).
   rF+:       It protects you from fire.
   rC+:       It protects you from cold.
   +Blink:    It lets you blink.
 I - +0 fire dragon scales
Jewellery
 n - a ring of positive energy (left hand)
 s - an amulet of faith (around neck)
 H - a ring of fire (right hand)
 K - an amulet of reflection
Wands
 d - a wand of charming (16)
 L - a wand of flame (9)
 N - a wand of light (5)
Scrolls
 b - 4 scrolls of noise
 e - 5 scrolls of poison
 g - a scroll of silence
 h - 2 scrolls of amnesia
 o - 3 scrolls of enchant armour
 y - 4 scrolls of teleportation
 B - a scroll of enchant weapon
 C - a scroll of identify
 E - a scroll of blinking
 J - a scroll of revelation
Potions
 c - 6 potions of heal wounds
 i - 2 potions of mutation
 k - 8 potions of curing
 l - 2 potions of lignification
 p - a potion of ambrosia
 q - 5 potions of haste
 r - 2 potions of brilliance
 t - 2 potions of enlightenment
 w - 3 potions of invisibility
 x - a potion of resistance {unknown}
 z - a potion of cancellation {unknown}
 A - a potion of degeneration {unknown}
 F - a potion of might {unknown}
 O - a potion of attraction {unknown}


   Skills:
 + Level 5.6 Armour
 - Level 12.7 Dodging
 - Level 1.5 Stealth
 - Level 10.0 Spellcasting
 - Level 10.0 Conjurations
 - Level 10.0 Hexes
 - Level 10.0 Summonings
 - Level 10.0 Necromancy
 - Level 10.0 Translocations
 - Level 10.0 Fire Magic
 - Level 10.0 Ice Magic
 - Level 10.0 Air Magic
 - Level 10.0 Earth Magic
 - Level 10.0 Alchemy


You knew the following spells:

 Your Spells              Type           Power      Damage    Failure   Level
a - Summon Small Mammal   Summ           100%       N/A       1%          1
b - Call Imp              Summ           100%       N/A       1%          2
c - Call Canine Familiar  Summ           51%        N/A       1%          3
d - Summon Blazeheart Go  Fire/Summ      68%        N/A       1%          4
e - Summon Lightning Spi  Summ/Air       51%        N/A       1%          4
f - Shock                 Conj/Air       100%       1d9       1%          1
g - Lesser Beckoning      Tloc           100%       N/A       1%          2
h - Confusing Touch       Hex            51%        N/A       1%          3
i - Swiftness             Air            51%        N/A       1%          3
j - Sticky Flame          Fire/Alch      68%        2d11      1%          4
Your spell library was empty.

Dungeon Overview and Level Annotations

Branches:
Dungeon (11/15)            Temple (1/1) D:4            Lair (0/5) D:9
  Sewer (visited)
    Orc: D:9-12

Altars:
Ashenzari
Cheibriados
Dithmenos
Elyvilon
Fedhas
Gozag
Hepliaklqana
Makhleb
Nemelex Xobeh
Okawaru
Qazlal
Ru
Trog
Uskayaw
Wu Jian
Xom
Yredelemnul
Zin
The Shining One

Shops:
D:7 (

Annotations:
D:11 Nergalle


Innate Abilities, Weirdness & Mutations

You are immune to sickness and miasma.
You are immune to poison.
Your flesh is very heat resistant. (rF++)
You are vulnerable to cold. (rC-)
You float through the air rather than walking.
You learn spells naturally, not from books.
Your magical power is your life essence.
You have superior vitality. (+4 MHP)


Message History

Nergalle calls out: "Ugrim, Brandogh, Syrus - to me!"
The long-dead rise up around you.
Casting: Summon Blazeheart Golem (dangerous; 1% risk of failure)
Confirm with . or Enter, or press ? or * to list all spells.
A tiny devil pulls itself out of the air.
The spectral orc warrior misses you.
The spectral orc warrior hits you from afar with a +0 trident.
The spectral orc knight barely misses you.
Nergalle hits your blazeheart golem but does no damage.
Casting: Call Imp (safe; 1% risk of failure)
Confirm with . or Enter, or press ? or * to list all spells.
You call for your canine familiar and it appears with a howl!
Your blazeheart golem's core grows cold and it stops moving.
The spectral orc knight hits you from afar with a +0 halberd!
Your cerulean imp hits the spectral orc warrior but does no damage.
The spectral orc warrior hits you from afar with a +0 trident! x2
Nergalle hits your blazeheart golem but does no damage.
You swap places.
Your inugami closely misses the spectral orc knight.
Your cerulean imp hits the spectral orc warrior with a +1 spear.
Your lightning spire shoots out a bolt of lightning at Nergalle!
The bolt of electricity hits the spectral orc knight!
The bolt of electricity hits your blazeheart golem.
Your blazeheart golem resists.
The bolt of electricity hits Nergalle!
The spectral orc warrior hits you from afar with a +0 trident!
* * * LOW HITPOINT WARNING * * *
The troll bites your inugami.
The troll claws your inugami but does no damage. x2
Nergalle hits your blazeheart golem but does no damage.
Things that are here:
a +0 dagger; a +0 robe
Casting: Call Canine Familiar (safe; 1% risk of failure)
Confirm with . or Enter, or press ? or * to list all spells.
* * * LOW HITPOINT WARNING * * *
The spectral orc warrior barely misses you.
Your inugami hits the troll.
Your cerulean imp hits the spectral orc warrior but does no damage.
The spectral orc warrior hits you from afar with a +0 trident!
You die...

.# ...# ..
..#####..
......../
....?....
#........
######IZ......
#<...@rZ5.....
######h.......
#TZ......
#..9.....
#...o....
#........
.........
.........
###......


You could see Nergalle (ally target), 2 spectral orc warriors, a spectral orc
knight (summoned), a troll (ally target), a friendly lightning spire (summoned),
a friendly blazeheart golem (summoned, paralysed), a friendly cerulean imp
(summoned), a friendly quokka (summoned) and a friendly inugami (summoned).

Vanquished Creatures
  An elephant (D:9)
  A troll (D:8)
  2 wyverns
  An orc warrior (D:7)
  A sky beast (D:6)
  A centaur (D:9)
  A bullfrog (D:7)
  A kobold brigand (D:10)
  A phantom (D:5)
  2 killer bees (D:10)
  A jelly (D:4)
  A gnoll bouda (D:8)
  An orc priest (D:7)
  An orc wizard (D:9)
  2 gnolls
  2 adders
  2 orcs
  3 ball pythons
  5 bats
  5 endoplasms (Sewer)
  6 giant cockroaches
  2 goblins
  2 hobgoblins
  7 kobolds
  A quokka (D:3)
  3 frilled lizards
  A rat (Sewer)
57 creatures vanquished.

Vanquished Creatures (collateral kills)
  Amaemon (D:9)
  Maurice (D:10)
  Joseph (D:7)
  An orange demon (D:9)
  A gargoyle (D:10)
  2 kobold demonologists
  A komodo dragon (D:9)
  A troll (D:10)
  Prince Ribbit (D:7)
  A shadow (D:10)
  A wraith (D:5)
  A yak (D:9)
  A ynoxinul (D:8)
  4 water moccasins
  3 orc warriors
  2 sky beasts
  An ogre (D:6)
  2 black bears
  7 centaurs
  2 phantoms
  4 kobold brigands
  3 bullfrogs
  2 scorpions
  3 wights (D:8)
  2 killer bees (D:10)
  A crimson imp (D:8)
  A hound (D:7)
  4 jellies
  3 orc priests
  A gnoll bouda (D:9)
  3 iguanas (D:5)
  2 sleepcaps (D:6)
  Terence (D:3)
  7 orc wizards
  16 gnolls
  4 adders
  A shadow imp (D:6)
  A white imp (D:7)
  3 ufetubi (D:6)
  2 dart slugs
  26 orcs
  11 ball pythons
  10 endoplasms
  14 giant cockroaches
  2 goblins (D:2)
  3 hobgoblins
  6 quokkas
  6 bats
  6 frilled lizards
  25 kobolds
  8 rats
216 creatures vanquished.

Vanquished Creatures (others)
  18 blazeheart cores
18 creatures vanquished.

Grand Total: 291 creatures vanquished

Notes
Turn   | Place    | Note
-------+----------+-------------------------------------------
     0 | D:1      | Alarak the Djinni Summoner began the quest for the Orb.
     0 | D:1      | Alarak set off with the following spells memorised: Summon
                  | Small Mammal, Call Imp, Call Canine Familiar, Summon
                  | Blazeheart Golem, Summon Lightning Spire.
     0 | D:1      | Reached XP level 1. HP: 15/15 MP: 0/0
   184 | D:1      | Reached XP level 2. HP: 21/21 MP: 0/0
   597 | D:1      | Reached XP level 3. HP: 16/25 MP: 0/0
   597 | D:1      | Learned a level 1 spell: Shock
   869 | D:2      | Reached XP level 4. HP: 10/31 MP: 0/0
  1634 | D:2      | Reached skill level 5 in Spellcasting
  1634 | D:2      | Reached skill level 5 in Conjurations
  1634 | D:2      | Reached skill level 5 in Hexes
  1634 | D:2      | Reached skill level 5 in Summonings
  1634 | D:2      | Reached skill level 5 in Necromancy
  1634 | D:2      | Reached skill level 5 in Translocations
  1634 | D:2      | Reached skill level 5 in Fire Magic
  1634 | D:2      | Reached skill level 5 in Ice Magic
  1634 | D:2      | Reached skill level 5 in Air Magic
  1634 | D:2      | Reached skill level 5 in Earth Magic
  1634 | D:2      | Reached skill level 5 in Alchemy
  1634 | D:2      | Reached XP level 5. HP: 25/35 MP: 0/0
  1634 | D:2      | Learned a level 2 spell: Lesser Beckoning
  1924 | D:3      | Noticed Terence
  1936 | D:3      | Killed Terence
  2271 | D:3      | Identified the +1 leather armour "Folud" {rC+ Will+ Regen+}
  2798 | D:3      | Reached XP level 6. HP: 15/40 MP: 0/0
  3448 | D:4      | Found a staircase to the Ecumenical Temple.
  3454 | Temple   | Entered the Ecumenical Temple
  3665 | D:4      | Reached XP level 7. HP: 42/45 MP: 0/0
  3665 | D:4      | Learned a level 3 spell: Confusing Touch
  3852 | D:5      | Entered Level 5 of the Dungeon
  3852 | D:5      | Noticed a wraith
  3869 | D:5      | Killed a wraith
  3912 | D:5      | Noticed a wyvern
  3937 | D:5      | Killed a wyvern
  3993 | D:5      | Found a stormy altar of Qazlal.
  4004 | D:5      | Reached XP level 8. HP: 50/50 MP: 0/0
  4101 | D:5      | Found a glowing drain.
  4132 | Sewer    | Entered a sewer
  4258 | Sewer    | Found a viscous altar of Jiyva.
  5129 | D:6      | Reached XP level 9. HP: 52/55 MP: 0/0
  5129 | D:6      | Learned a level 3 spell: Swiftness
  5294 | D:6      | Identified the +2 robe "Wufues" {+Blink rF+ rC+ Str-2}
  5681 | D:6      | Reached skill level 10 in Spellcasting
  5681 | D:6      | Reached skill level 10 in Conjurations
  5681 | D:6      | Reached skill level 10 in Hexes
  5681 | D:6      | Reached skill level 10 in Summonings
  5681 | D:6      | Reached skill level 10 in Necromancy
  5681 | D:6      | Reached skill level 10 in Translocations
  5681 | D:6      | Reached skill level 10 in Fire Magic
  5681 | D:6      | Reached skill level 10 in Ice Magic
  5681 | D:6      | Reached skill level 10 in Air Magic
  5681 | D:6      | Reached skill level 10 in Earth Magic
  5681 | D:6      | Reached skill level 10 in Alchemy
  5856 | D:6      | You are sucked into a shaft and drop 1 floor!
  5953 | D:7      | Reached skill level 3 in Dodging
  6004 | D:7      | Found Jurilus's Weapon Emporium.
  6207 | D:7      | Reached skill level 4 in Dodging
  6260 | D:7      | Noticed Prince Ribbit
  6274 | D:7      | Killed Prince Ribbit
  6275 | D:7      | Reached skill level 5 in Dodging
  6517 | D:7      | Reached skill level 6 in Dodging
  6517 | D:7      | Reached XP level 10. HP: 35/60 MP: 0/0
  6607 | D:7      | Noticed Joseph
  6612 | D:7      | Killed Joseph
  6613 | D:7      | Reached skill level 7 in Dodging
  7066 | D:8      | Reached skill level 8 in Dodging
  7235 | D:8      | Reached skill level 9 in Dodging
  7293 | D:8      | Found a white marble altar of Elyvilon.
  7673 | D:8      | Found a burning altar of Makhleb.
  7750 | D:8      | Found a bloodstained altar of Trog.
  7804 | D:8      | Became a worshipper of Makhleb the Destroyer
  7854 | D:9      | Reached skill level 10 in Dodging
  7968 | D:9      | Noticed an elephant
  7979 | D:9      | Killed an elephant
  7981 | D:9      | Reached skill level 11 in Dodging
  8014 | D:9      | Noticed a komodo dragon
  8035 | D:9      | Killed a komodo dragon
  8069 | D:9      | Noticed Amaemon
  8071 | D:9      | Noticed an orange demon
  8080 | D:9      | Killed Amaemon
  8081 | D:9      | Reached XP level 11. HP: 65/65 MP: 0/0
  8081 | D:9      | Learned a level 4 spell: Sticky Flame
  8086 | D:9      | Reached skill level 12 in Dodging
  8145 | D:9      | Reached * piety under Makhleb
  8561 | D:9      | Found a staircase to the Lair.
  8607 | D:10     | Entered Level 10 of the Dungeon
  8844 | D:10     | Noticed Maurice
  8853 | D:10     | Maurice stole a +0 demon whip of venom
  8854 | D:10     | Maurice stole 30 poisoned darts
  8875 | D:10     | Killed Maurice
  9122 | D:10     | Reached skill level 5 in Armour
  9127 | D:10     | Reached ** piety under Makhleb
  9222 | D:11     | Noticed Nergalle
  9229 | D:11     | Slain by a spectral orc warrior

Illustrated notes

Levels and vault maps discovered:
D:1:      lordsloth_arrival_two_stooges, layout_loops_ring
D:2:      layout_loops_ring
D:3:      minmay_roachtagon, layout_loops_corners, uniq_terence
D:4:      layout_loops_ring, minmay_temple_entry_enclosed_plants
D:5:      layout_loops_ring, lemuel_doored_altar, serial_glass, glass_columns_a,
          glass_columns_a, due_unseen_surprise, portal_sewer_entry_f,
          kennysheep_doodads, nrook_pool_corridor, saegor_snake_ambush
D:6:      layout_basic, nicolae_kikubaaqudgha_miasma_corner,
          kennysheep_generic_room_6
D:7:      nicolae_cairo_tiling, layout_basic, serial_shops,
          nicolae_shop_crystal, minmay_misc_feat_room, kennysheep_nondescript,
          uniq_joseph, uniq_prince_ribbit1
D:8:      layout_rooms, amcnicky_altar_gilded,
          grunt_temple_overflow_lords_of_destruction,
          nzn_overflow_gifts_of_might_and_magic
D:9:      layout_irregular_city, grunt_lair_entry_orc_guard_hut,
          wad_floor_pattern_2, uniq_amaemon
D:10:     layout_gridville, minmay_unpleasant_kobolds, uniq_maurice
D:11:     minmay_octagon_keep, layout_basic, kennysheep_generic_room_5,
          uniq_nergalle
Temple:   hellmonk_temple_of_storms

Skill      XL: |  1  2  3  4  5  6  7  8  9 10 11 |
---------------+----------------------------------+-----
Spellcasting   | 4 5 6 7 9 10 | 10.0
Conjurations   | 4 5 6 7 9 10 | 10.0
Hexes          | 4 5 6 7 9 10 | 10.0
Summonings     | 4 5 6 7 9 10 | 10.0
Necromancy     | 4 5 6 7 9 10 | 10.0
Translocations | 4 5 6 7 9 10 | 10.0
Fire Magic     | 4 5 6 7 9 10 | 10.0
Ice Magic      | 4 5 6 7 9 10 | 10.0
Air Magic      | 4 5 6 7 9 10 | 10.0
Earth Magic    | 4 5 6 7 9 10 | 10.0
Alchemy        | 4 5 6 7 9 10 | 10.0
Dodging        | 6 11 12 | 12.7
Armour         | 5 |  5.6
Stealth        | |  1.5

Action                     |  1- 3 |  4- 6 |  7- 9 | 10-12 || total
---------------------------+-------+-------+-------+-------++-------
  Melee: Unarmed           |     4 |       |       |       ||     4
         Whip              |    14 |    29 |    21 |       ||    64
         Dagger            |       |       |   166 |    52 ||   218
   Cast: Summon Small Mamm |    39 |    55 |    24 |    17 ||   135
         Call Imp          |    11 |    28 |    33 |    26 ||    98
         Call Canine Famil |       |    36 |    23 |    28 ||    87
         Shock             |       |       |     5 |       ||     5
         Summon Blazeheart |       |       |    22 |    33 ||    55
         Summon Lightning  |       |       |    18 |    28 ||    46
         Confusing Touch   |       |       |     1 |     3 ||     4
         Lesser Beckoning  |       |       |     1 |       ||     1
         Sticky Flame      |       |       |       |     2 ||     2
    Use: Scroll            |     6 |     7 |     6 |     5 ||    24
   Stab: Sleeping          |       |     6 |     1 |       ||     7
         Distracted        |       |       |     3 |     2 ||     5
 Armour: Robe              |    19 |    13 |       |       ||    32
         Leather armour    |       |    12 |   202 |    90 ||   304
  Dodge: Dodged            |    25 |    39 |   162 |    96 ||   322

Table legend: (Time is in decaauts)
 A = Elapsed time spent in this place.
 B = Non-inter-level travel time spent in this place.
 C = Inter-level travel time spent in this place.
 D = Time resting spent in this place.
 E = Time spent auto-exploring this place.
 F = Levels seen in this place.
 G = Mean time per level.
                   A        B        C        D        E       F      G
               +--------+--------+--------+--------+--------+-----+--------+
         Total |   9252 |   8732 |    520 |    765 |   6091 |  13 |  711.7 |
       Dungeon |   8973 |   8454 |    519 |    765 |   5980 |  11 |  815.7 |
        Temple |      1 |      0 |      1 |      0 |      0 |   1 |    1.0 |
         Sewer |    277 |    277 |      0 |      0 |    111 |   1 |  277.0 |
               +--------+--------+--------+--------+--------+-----+--------+

Top non-repeatable levels by time:
     D:3: 1412 daAuts
     D:7: 1014 daAuts
     D:2: 973 daAuts
     D:5: 969 daAuts
     D:6: 926 daAuts
     D:1: 920 daAuts
     D:8: 799 daAuts
     D:9: 787 daAuts
    D:10: 591 daAuts
     D:4: 547 daAuts
   Sewer: 277 daAuts
    D:11: 29 daAuts
  Temple: 1 daAuts
